 Dungeon Crawl Stone Soup version 0.30-a0-219-gf2db51d15e (webtiles) character file.

Game seed: 18199073785288395657

86356 scionoferis the Carver (level 16, -21/110 HPs)
             Began as a Djinni Reaver on Oct 6, 2022.
             Was a Priest of Elyvilon.
             Demolished by an ettin
             ... wielding a +0 dire flail
              (40 damage)
             ... on level 2 of the Orcish Mines.
             The game lasted 02:04:31 (34290 turns).

scionoferis the Carver (Djinni Reaver)             Turns: 34290, Time: 02:04:32

Health: -21/110    AC: 17    Str: 10    XL:     16   Next: 33%
Gold:   1739       EV: 14    Int: 23    God:    Elyvilon [***...] SH:  0 Dex: 19

rFire   + + .      SeeInvis .    a - +2 great sword (flame)
rCold   . . .      Faith    .    (shield currently unavailable)
rNeg    + . .      Spirit   .    k - +2 ring mail of Kuos {rElec rN+ Will+ Int-2}
rPois   ∞          Reflect  .    c - +0 helmet
rElec   +          Harm     .    J - +2 cloak {Stlth+}
rCorr   .          Rampage  .    n - +2 pair of gloves {infuse}
Will    ++...                    (boots unavailable)
Stlth   ++........               N - amulet of the acrobat
HPRegen 0.38/turn                Y - +6 ring of intelligence
MPRegen 0.00/turn                w - ring of protection from cold

@: flying, very slightly contaminated
A: sickness immunity, fire resistance 2, cold vulnerability 1, float, innate
caster, HP casting, extra vitality 1, agile 1, deterioration 1, wild magic 1
a: Renounce Religion, Purification, Heal Other, Heal Self


You were on level 2 of the Orcish Mines.
You worshipped Elyvilon.
Elyvilon was most pleased with you.
You visited 4 branches of the dungeon, and saw 23 of its levels.
You also visited: Sewer, Bailey and Volcano.

You collected 1767 gold pieces.
You spent 28 gold pieces at shops.

Inventory:

Hand Weapons
 a - a +2 great sword of flaming (weapon)
Missiles
 x - 72 poisoned darts (quivered)
 B - a curare-tipped dart
 K - 17 boomerangs
 Q - 2 throwing nets
Armour
 c - a +0 helmet (worn)
 k - the +2 ring mail of Kuos (worn) {rElec rN+ Will+ Int-2}
   (You found it on level 2 of the Dungeon)

   Int:       It affects your intelligence (-2).
   rElec:     It insulates you from electricity.
   rN:        It protects you from negative energy.
   Will:      It increases your willpower.
 n - a +2 pair of gloves of infusion (worn)
 J - a +2 cloak of stealth (worn)
 L - a +1 ring mail of cold resistance
Magical Staves
 b - a staff of conjuration
Jewellery
 j - a ring of see invisible
 s - a ring of resist corrosion
 t - a ring of fire
 u - a ring of protection from cold
 w - a ring of protection from cold (right hand)
 N - an amulet of the acrobat (around neck)
 Y - a +6 ring of intelligence (left hand)
Wands
 o - a wand of quicksilver (2)
 p - a wand of flame (34)
 C - a wand of charming (13)
 G - a wand of iceblast (4)
 R - a wand of digging (10)
 S - a wand of mindburst (6)
Scrolls
 g - 4 scrolls of silence
 i - 3 scrolls of blinking
 q - a scroll of fear
 y - 7 scrolls of teleportation
 F - 4 scrolls of poison
 O - 3 scrolls of magic mapping
 T - a scroll of summoning
 W - 4 scrolls of butterflies
Potions
 d - 3 potions of lignification {unknown}
 r - 6 potions of haste
 v - 6 potions of heal wounds
 z - 3 potions of magic {unknown}
 A - 5 potions of might
 D - 2 potions of resistance
 H - 2 potions of invisibility
 I - 3 potions of curing
 M - 2 potions of cancellation {unknown}
 P - 3 potions of berserk rage {unknown}
 U - 3 potions of attraction {unknown}
 V - 4 potions of brilliance
 Z - 2 potions of ambrosia {unknown}
Miscellaneous
 m - a phantom mirror
 E - a box of beasts


   Skills:
 + Level 8.4 Fighting
 * Level 13.7 Long Blades
 + Level 8.8 Armour
 + Level 7.5 Dodging
 * Level 12.5 Spellcasting
 + Level 11.7 Invocations
 + Level 3.9 Evocations


You had 10 spell levels left.
You knew the following spells:

 Your Spells              Type           Power      Damage    Failure   Level
a - Kiss of Death         Conj/Necr      100%       2d13      1%          1
b - Momentum Strike       Conj/Tloc      100%       3d10      1%          2
c - Hailstorm             Conj/Ice       76%        3d16      1%          3
d - Shock                 Conj/Air       100%       1d9       1%          1
e - Poisonous Vapours     Pois/Air       100%       N/A       1%          2
f - Blink                 Tloc           100%       N/A       1%          2
g - Animate Armour        Summ/Erth      100%       N/A       1%          4
h - Iskenderun's Mystic   Conj/Tloc      76%        2d15      1%          4
i - Arcjolt               Conj/Air       38%        1d48      3%          5
j - Death Channel         Necr           38%        N/A       13%         6
Your spell library was empty.

Dungeon Overview and Level Annotations

Branches:
Dungeon (15/15)            Temple (1/1) D:5            Lair (5/5) D:9
  Swamp (0/4) Lair:3       Spider (0/4) Lair:3        Slime (0/5) Lair:5
    Orc (2/2) D:11         Vaults (0/5) D:13         Depths (0/4) D:15
  Sewer (visited)          Bailey (visited)         Volcano (visited)
    Elf: Orc:2

Altars:
Ashenzari
Cheibriados
Dithmenos
Elyvilon
Fedhas
Gozag
Hepliaklqana
Makhleb
Nemelex Xobeh
Okawaru
Qazlal
Ru
Trog
Uskayaw
Wu Jian
Xom
Yredelemnul
Zin
The Shining One
Jiyva

Shops:
D:6 (   D:9 *

Annotations:
D:12 3 runed translucent doors, HilariousDeathArtist's ghost, journeyman TeCj
Lair:4 3 runed translucent doors, Kugou's ghost, journeyman DsFi
Lair:5 exclusion: obsidian statue
Orc:1 1 runed translucent door, Hihocicw's ghost, journeyman MeBr


Innate Abilities, Weirdness & Mutations

You are immune to sickness and miasma.
You are immune to poison.
Your flesh is very heat resistant. (rF++)
You are vulnerable to cold. (rC-)
You float through the air rather than walking.
You learn spells naturally, not from books.
Your magical power is your life essence.
You have superior vitality. (+4 MHP)
You are agile. (Dex +4, Str/Int -1)
Your body sometimes deteriorates upon taking damage.
Your spells are a little harder to cast, but a little more powerful.


Message History

Press: ? - help, Dir - look around, f - activate A cannonade of hail descends around you!
The hail pelts the ettin!!
The ettin is heavily wounded.
Casting: Hailstorm (safe; 1% risk of failure)
Confirm with . or Enter, or press ? or * to list all spells.
You erupt in a blast of force!
The mystic blast hits the ettin.
The ettin is heavily wounded.
The ettin is knocked back by the mystic blast.
Casting: Iskenderun's Mystic Blast (mildly dangerous; 1% risk of failure)
Confirm with . or Enter, or press ? or * to list all spells.
Casting: Hailstorm (safe; 1% risk of failure)
Press: ? - help, Dir - look around, f - activate A cannonade of hail descends around you!
The hail pelts the ettin!!
The ettin is severely wounded.
Casting: Hailstorm (safe; 1% risk of failure)
Confirm with . or Enter, or press ? or * to list all spells.
You erupt in a blast of force!
The mystic blast hits the ettin.
The ettin is almost dead.
The ettin hits you with a +0 dire flail.
The ettin hits you with a +0 dire flail!!
* * * LOW HITPOINT WARNING * * *
Casting: Iskenderun's Mystic Blast (mildly dangerous; 1% risk of failure)
Confirm with . or Enter, or press ? or * to list all spells.
You miscast Iskenderun's Mystic Blast.
You are very lightly contaminated with residual magic.
Nothing appears to happen.
* * * LOW HITPOINT WARNING * * *
The ettin hits you with a +0 dire flail!!
Elyvilon protects you from harm! The ettin closely misses you.
An orc warrior comes into view. It is wielding a +0 battleaxe.
Casting: Iskenderun's Mystic Blast (mildly dangerous; 1% risk of failure)
Confirm with . or Enter, or press ? or * to list all spells.
You erupt in a blast of force!
The mystic blast hits the ettin!
The ettin is almost dead.
* * * LOW HITPOINT WARNING * * *
The ettin hits you with a +0 dire flail!!!
You die...

##.......o#
.........#
#........+
##......$.#
#.........##
##.........##
#........$..#####
#...@C...........
##....#.....$...#
##...##.......#
#.....#.........
##..........<..#.
#....<...........
#................
##...............
#...#####..#....#


You could see an ettin and an orc warrior.

Vanquished Creatures
  6 slime creatures
  Nessos (D:15)
  Azrael (D:13)
  A dire elephant (Lair:5)
  A red draconian (Volcano)
  4 vault guards (D:13)
  6 hydras
  3 centaur warriors
  3 two-headed ogres
  A spectral dire elephant (Lair:5)
  2 tengu warriors
  8 death yaks
  2 boulder beetles
  Urug (Orc:1)
  8 hell knights (D:13)
  A salamander mystic (Volcano)
  A spectral death yak (Lair:5)
  A spectral anaconda (Lair:5)
  5 skeletal warriors (D:13)
  A bog body (Lair:3)
  4 lindwurms (Lair:5)
  5 necromancers
  3 deep elf zephyrmancers (D:15)
  An orc knight (Bailey)
  A manticore (D:12)
  9 cyclopes
  5 elephants (Lair:5)
  13 ugly things
  6 salamanders (Volcano)
  A centaur zombie (D:15)
  A naga mage (D:15)
  A black mamba (shapeshifter) (D:15)
  3 black mambas
  8 cane toads
  2 centaur skeletons (D:15)
  A gargoyle (D:13)
  2 unseen horrors (D:12)
  8 komodo dragons
  Psyche (D:10)
  3 rime drakes
  A kobold demonologist (D:11)
  The ghost of Valamore the Trooper, an amateur OgFE (D:4)
  An efreet (D:15)
  3 trolls
  A polar bear (Lair:5)
  A meliai (Lair:3)
  A hornet (D:8)
  Grinder (D:4)
  5 blink frogs (Lair:4)
  A snapping turtle (shapeshifter) (D:15)
  A culicivora (shapeshifter) (D:15)
  34 yaks
  2 shadows
  3 wyverns
  2 yaks (shapeshifter)
  A centaur simulacrum (D:15)
  A water elemental (D:13)
  A wraith (D:11)
  6 basilisks
  2 fire elementals (D:13)
  A steam dragon (D:9)
  5 fire bats (Lair:5)
  A death yak simulacrum (Lair:5)
  A vampire mosquito (D:13)
  3 wargs
  11 hell hounds (D:13)
  14 water moccasins
  5 orc warriors
  A sky beast (D:8)
  An elephant zombie (Lair:5)
  4 ice beasts
  2 black bears
  12 wolves
  5 centaurs
  4 ogres
  2 phantoms
  8 kobold brigands
  12 bullfrogs
  A gnoll sergeant (D:12)
  A necrophage (D:3)
  3 scorpions
  2 cane toad simulacra (Lair:5)
  3 wights (D:6)
  10 killer bees
  2 electric eels
  7 howler monkeys
  14 orc priests
  Crazy Yiuf (D:4)
  4 jellies
  2 hounds
  2 iguanas
  19 orc wizards
  10 gnolls
  12 adders
  A shadow imp (D:7)
  A white imp (D:7)
  An ufetubus (D:4)
  4 dart slugs
  60 orcs
  6 ball pythons
  7 endoplasms
  5 giant cockroaches
  12 goblins
  2 hobgoblins
  5 quokkas
  7 bats
  2 frilled lizards
  34 kobolds
  12 rats
548 creatures vanquished.

Vanquished Creatures (collateral kills)
  A boulder beetle (Lair:2)
  A two-headed ogre (D:11)
  A spectral death yak (Lair:5)
  An orc knight (Bailey)
  An elephant (Lair:5)
  2 komodo dragons
  A troll (D:9)
  A slime creature (D:12)
  An air elemental (D:10)
  A wraith (D:12)
  A water elemental (D:10)
  6 yaks
  A fire elemental (D:10)
  A vampire (D:10)
  A fire bat (Lair:5)
  An acid dragon (D:10)
  2 orc warriors
  3 water moccasins
  2 wolves (Lair:3)
  A bullfrog (D:9)
  An earth elemental (D:10)
  4 killer bees
  An elephant simulacrum (Lair:5)
  2 orc priests (D:9)
  4 orc wizards
  5 orcs
47 creatures vanquished.

Vanquished Creatures (others)
  A shadow (D:9)
  A yak (D:8)
  A human (D:7)
  A killer bee (D:8)
  A white imp (D:7)
  7 fungi
  9 plants
  30 withered plants (Lair:5)
51 creatures vanquished.

Grand Total: 646 creatures vanquished

Notes
Turn   | Place    | Note
-------+----------+-------------------------------------------
     0 | D:1      | scionoferis the Djinni Reaver began the quest for the Orb.
     0 | D:1      | scionoferis set off with the following spells memorised:
                  | Kiss of Death, Momentum Strike, Hailstorm.
     0 | D:1      | Reached XP level 1. HP: 18/18 MP: 0/0
   148 | D:1      | Reached XP level 2. HP: 22/23 MP: 0/0
   294 | D:1      | Reached skill level 3 in Long Blades
   561 | D:2      | Reached XP level 3. HP: 21/28 MP: 0/0
   561 | D:2      | Learned a level 1 spell: Shock
   780 | D:2      | Reached XP level 4. HP: 27/34 MP: 0/0
   789 | D:2      | Identified the +2 ring mail of Kuos {rElec rN+ Will+ Int-2}
   889 | D:2      | Found a hide-covered altar of Uskayaw.
  1452 | D:3      | Found a snail-covered altar of Cheibriados.
  1456 | D:3      | Found a basalt altar of Yredelemnul.
  1716 | D:3      | Noticed a necrophage
  1736 | D:3      | Killed a necrophage
  1737 | D:3      | Reached XP level 5. HP: 13/40 MP: 0/0
  1737 | D:3      | Learned a level 2 spell: Poisonous Vapours
  2040 | D:3      | Reached skill level 4 in Long Blades
  2386 | D:4      | Noticed a phantom
  2409 | D:4      | Killed a phantom
  2410 | D:4      | Reached XP level 6. HP: 31/46 MP: 0/0
  2549 | D:4      | Found a hide-covered altar of Uskayaw.
  2659 | D:4      | Noticed an ogre
  2660 | D:4      | Noticed an ogre
  2660 | D:4      | Noticed Valamore's ghost (amateur OgFE)
  2661 | D:4      | Found a transporter.
  2661 | D:4      | Noticed an ogre
  2785 | D:4      | Reached XP level 7. HP: 15/50 MP: 0/0
  2785 | D:4      | Learned a level 2 spell: Blink
  2994 | D:4      | Noticed Grinder
  3011 | D:4      | Killed Grinder
  3012 | D:4      | Reached skill level 5 in Long Blades
  3287 | D:4      | Found a runed translucent door.
  3288 | D:4      | Noticed Crazy Yiuf
  3297 | D:4      | Killed Crazy Yiuf
  3556 | D:5      | Entered Level 5 of the Dungeon
  3647 | D:5      | Reached XP level 8. HP: 42/58 MP: 0/0
  3936 | D:5      | Reached skill level 5 in Spellcasting
  4098 | D:5      | Reached skill level 6 in Long Blades
  4177 | D:5      | Found a staircase to the Ecumenical Temple.
  4186 | Temple   | Entered the Ecumenical Temple
  4257 | Temple   | Became a worshipper of Elyvilon the Healer
  4879 | D:6      | Reached skill level 1 in Invocations
  4954 | D:6      | Found a glowing drain.
  4969 | Sewer    | Entered a sewer
  4978 | Sewer    | Reached * piety under Elyvilon
  5258 | Sewer    | Reached XP level 9. HP: 16/64 MP: 0/0
  5258 | Sewer    | Learned a level 4 spell: Animate Armour
  5589 | D:6      | Reached skill level 5 in Fighting
  5844 | D:6      | Found Megaybey's Antique Weapon Emporium.
  6484 | D:6      | Reached ** piety under Elyvilon
  7146 | D:7      | Reached *** piety under Elyvilon
  7632 | D:7      | Reached skill level 7 in Long Blades
  7632 | D:7      | Reached skill level 5 in Invocations
  7962 | D:8      | Reached XP level 10. HP: 63/70 MP: 0/0
  8300 | D:8      | Noticed a two-headed ogre
  8790 | D:8      | Killed a two-headed ogre
  9759 | D:8      | Found a bloodstained altar of Trog.
  9836 | D:8      | Found a shadowy altar of Dithmenos.
 10373 | D:9      | Found a staircase to the Lair.
 10646 | D:9      | Reached skill level 8 in Long Blades
 10646 | D:9      | Reached XP level 11. HP: 63/75 MP: 0/0
 10646 | D:9      | Learned a level 4 spell: Iskenderun's Mystic Blast
 10734 | D:9      | Reached skill level 1 in Armour
 10964 | D:9      | Found Xiageite's General Store.
 10972 | D:9      | Bought a scroll of identify for 28 gold pieces
 11234 | D:10     | Entered Level 10 of the Dungeon
 11422 | D:10     | Found a flagged portal.
 11569 | Bailey   | Entered a bailey
 11796 | Bailey   | Noticed an orc knight
 11796 | Bailey   | Noticed an orc knight
 11814 | Bailey   | Killed an orc knight
 11836 | Bailey   | Killed an orc knight
 12063 | Bailey   | Found the +15 Maxwell's patent armour {-Cast -Tele rElec
                  | Will+ rCorr}
 12338 | D:10     | Noticed Psyche
 12373 | D:10     | Killed Psyche
 12507 | D:10     | Found a large runed translucent door.
 12508 | D:10     | Found a large runed translucent door.
 12669 | D:10     | Reached skill level 9 in Long Blades
 13382 | D:10     | Paralysed by an air elemental for 1 turns
 13867 | D:11     | Found a staircase to the Orcish Mines.
 13884 | D:11     | Reached XP level 12. HP: 71/81 MP: 0/0
 14032 | D:11     | Noticed a boulder beetle
 14042 | D:11     | Noticed a soul eater
 14047 | D:11     | Killed a boulder beetle
 14277 | D:11     | Noticed a two-headed ogre
 14289 | D:11     | Killed a two-headed ogre
 14905 | D:12     | Reached skill level 10 in Long Blades
 15038 | D:12     | Found a runed translucent gate.
 15038 | D:12     | Found a runed translucent gate.
 15038 | D:12     | Noticed an acid blob
 15038 | D:12     | Noticed an acid blob
 15038 | D:12     | Noticed an azure jelly
 15038 | D:12     | Noticed an azure jelly
 15038 | D:12     | Noticed HilariousDeathArtist's ghost (journeyman TeCj)
 15039 | D:12     | Found a runed translucent gate.
 15039 | D:12     | Noticed an acid blob
 15039 | D:12     | Noticed an acid blob
 15039 | D:12     | Noticed an acid blob
 15040 | D:12     | Noticed an acid blob
 15133 | D:12     | Reached **** piety under Elyvilon
 16111 | D:12     | Noticed a two-headed ogre
 16124 | D:12     | Killed a two-headed ogre
 16125 | D:12     | Reached skill level 5 in Armour
 16463 | D:12     | Found a viscous altar of Jiyva.
 16908 | Lair:1   | Entered Level 1 of the Lair of Beasts
 16985 | Lair:1   | Reached skill level 10 in Spellcasting
 17288 | Lair:1   | Reached ***** piety under Elyvilon
 17988 | Lair:2   | Noticed a boulder beetle
 18000 | Lair:2   | Killed a boulder beetle
 18001 | Lair:2   | Reached XP level 13. HP: 45/85 MP: 0/0
 18001 | Lair:2   | Learned a level 5 spell: Arcjolt
 18305 | Lair:2   | Identified the +4 chain mail of Seqiqiyl {rElec Stlth+}
 19319 | Lair:3   | Noticed an eight-headed hydra
 19325 | Lair:3   | Reached skill level 11 in Long Blades
 19326 | Lair:3   | Killed an eight-headed hydra
 19998 | Lair:3   | Found a hole to the Spider Nest.
 20005 | Lair:3   | Reached skill level 10 in Invocations
 20326 | Lair:3   | Found a staircase to the Swamp.
 20368 | Lair:3   | Noticed an eight-headed hydra
 20379 | Lair:3   | Killed an eight-headed hydra
 20535 | Lair:3   | Noticed a six-headed hydra
 20558 | Lair:3   | Killed a six-headed hydra
 21152 | Lair:4   | Found a runed translucent gate.
 21152 | Lair:4   | Found a runed translucent gate.
 21152 | Lair:4   | Found a runed translucent gate.
 21261 | Lair:4   | Noticed Kugou's ghost (journeyman DsFi)
 21345 | Lair:4   | You are sucked into a shaft and drop 1 floor!
 21345 | Lair:5   | Entered Level 5 of the Lair of Beasts
 21428 | Lair:5   | Found a dark tunnel.
 21553 | Volcano  | Entered a volcano
 21780 | Volcano  | Noticed a red draconian
 21915 | Volcano  | Killed a red draconian
 22084 | Volcano  | Reached XP level 14. HP: 33/94 MP: 0/0
 22581 | Lair:5   | Identified the +5 dagger "Hiloefoig" {elec, rElec rC++
                  | Int-5 SInv}
 22961 | Lair:5   | Found a staircase to the Slime Pits.
 23057 | Lair:4   | Reached skill level 12 in Long Blades
 23994 | Lair:4   | Reached skill level 5 in Dodging
 25703 | Lair:5   | Noticed a dire elephant
 26579 | Lair:5   | Killed a dire elephant
 26921 | Lair:5   | Reached XP level 15. HP: 87/101 MP: 0/0
 26921 | Lair:5   | Learned a level 6 spell: Death Channel
 28144 | D:4      | Found a transporter.
 28154 | D:4      | Killed Valamore's ghost
 28689 | D:13     | Found a gate to the Vaults.
 28698 | D:13     | Reached skill level 1 in Evocations
 28714 | D:13     | Reached skill level 13 in Long Blades
 29249 | D:13     | Noticed Azrael
 29257 | D:13     | Killed Azrael
 31757 | D:15     | Entered Level 15 of the Dungeon
 31884 | D:15     | Reached XP level 16. HP: 38/109 MP: 0/0
 32358 | D:15     | Found a broken altar of Ashenzari.
 33286 | D:15     | Found a staircase to the Depths.
 33435 | D:15     | Noticed Nessos
 33445 | D:15     | Killed Nessos
 33805 | D:9      | Gained mutation: You are agile. (Dex +4, Str/Int -1)
                  | [potion of mutation]
 33805 | D:9      | Gained mutation: Your body sometimes deteriorates upon
                  | taking damage. [potion of mutation]
 33805 | D:9      | Gained mutation: Your spells are a little harder to cast,
                  | but a little more powerful. [potion of mutation]
 33851 | Orc:1    | Entered Level 1 of the Orcish Mines
 33871 | Orc:1    | Noticed Urug
 33887 | Orc:1    | Killed Urug
 33977 | Orc:1    | Found a runed translucent door.
 33977 | Orc:1    | Found a shimmering altar of Xom.
 33977 | Orc:1    | Noticed Hihocicw's ghost (journeyman MeBr)
 34273 | Orc:2    | Entered Level 2 of the Orcish Mines
 34289 | Orc:2    | Elyvilon protects you from harm!
 34290 | Orc:2    | Demolished by an ettin

Illustrated notes

Levels and vault maps discovered:
D:1:      minmay_arrival_diagonal_passages, layout_basic,
          dreamdust_princess_bridge
D:2:      layout_rooms, basic_altar
D:3:      layout_basic, grunt_temple_overflow_diamond
D:4:      layout_loops_ring, nicolae_uskayaw_suspiria, gammafunk_ghost_smash,
          uniq_crazy_yiuf_cottage, uniq_grinder
D:5:      layout_rooms, minmay_temple_entry_junction_2, serial_co_window_serial,
          co_window_paths_b, co_window_of_opportunity_a, co_window_corner_a,
          co_window_paths_a, co_window_paths_a, co_window_unsneaky_path_e,
          co_window_unsneaky_path_b, co_window_of_opportunity_b,
          co_window_corner_b, co_window_corner_b, co_window_cross_2,
          co_window_4corner_a, glass_columns_a
D:6:      layout_basic, serial_shops, nicolae_shop_trees, gup_sewer_entry_glass
D:7:      layout_loops_corners, tgw_kikubaaqudgha
D:8:      layout_layer_cave, mainiacjoe_overflow_swirl,
          chequers_serial_rivers_micro_d, minivault_4
D:9:      layout_rooms, erik_lair_orcish_takeover, minmay_shop_grid_forest,
          minmay_unpleasant_kobolds
D:10:     layout_long_grid, enter_bailey_4, lightli_elemental_guards,
          uniq_psyche
D:11:     layout_cave_pools, erik_orc_4
D:12:     layout_irregular_city, gammafunk_ghost_ooze, drop_trap,
          hangedman_abyss_or_decor_stagger
D:13:     layout_basic, lightli_vaults_fourway_checkpoint, minmay_rotating_lava,
          uniq_azrael
D:14:     layout_irregular_city, chequers_serial_rivers_large_a
D:15:     grunt_enter_depths_magical_seal, layout_irregular_city, led_sif_pool,
          nicolae_ashenzari_panopticon, uniq_nessos
Temple:   eino_wide_crystal_templ
Lair:1:   layout_cave_pods, infiniplex_staircase_pool
Lair:2:   layout_regular_city, lemuel_fruit_tree
Lair:3:   layout_regular_city, skrybe_swamp_entry_bodies,
          hellmonk_spider_entry_not_the_bees, grunt_megastairs_3,
          serial_bayou_shore_b
Lair:4:   layout_big_grid, gammafunk_ghost_necromancy
Lair:5:   due_jungle_book, layout_gridlike, dpeg_slime_entry_enclosed,
          nicolae_volcano_entry_lava_flow, nicolae_lair_lindhole
Orc:1:    layout_caves, ebering_ghost_xom, uniq_urug
Orc:2:    grunt_orc_community_town_hall, layout_caves,
          grunt_orc_community_big_house_1, grunt_orc_community_big_house_1,
          grunt_orc_community_house_2, grunt_orc_community_house_3,
          grunt_orc_community_house_1, grunt_orc_community_house_3,
          grunt_orc_community_house_1, gammafunk_ghost_grave, serial_shops,
          nicolae_shop_hallway_plus

Skill      XL: |  1  2  3  4  5  6  7  8  9 10 11 12 13 14 15 |
---------------+----------------------------------------------+-----
Long Blades    | 3 4 5 6 7 8 9 10 11 12 13 | 13.7
Spellcasting   | 3 4 5 6 8 9 10 11 12 | 12.5
Fighting       | 3 4 5 6 7 8 |  8.4
Invocations    | 2 5 7 8 9 10 11 | 11.7
Armour         | 3 5 6 7 8 |  8.8
Dodging        | 4 5 7 |  7.5
Evocations     | 3 |  3.9

Action                   |  1- 3 |  4- 6 |  7- 9 | 10-12 | 13-15 | 16-18 || total
-------------------------+-------+-------+-------+-------+-------+-------++-------
Melee: Falchion          |    74 |   127 |   228 |   140 |       |       ||   569
       Punch             |     1 |     1 |       |     4 |     3 |       ||     9
       Long sword        |       |       |       |   293 |   229 |       ||   522
       Rapier            |       |       |       |       |     2 |       ||     2
       Dagger            |       |       |       |       |     1 |       ||     1
       Great sword       |       |       |       |       |   255 |    47 ||   302
 Fire: Shortbow          |       |       |       |       |     6 |       ||     6
Throw: Dart              |       |       |       |    31 |    46 |     8 ||    85
 Cast: Shock             |       |    21 |    67 |   114 |    40 |       ||   242
       Momentum Strike   |       |     3 |    13 |     9 |       |     1 ||    26
       Hailstorm         |       |       |    24 |   101 |   198 |    44 ||   367
       Poisonous Vapours |       |       |     3 |     5 |     2 |       ||    10
       Kiss of Death     |       |       |     1 |       |       |       ||     1
       Blink             |       |       |     1 |     5 |     1 |     1 ||     8
       Animate Armour    |       |       |       |    29 |    19 |       ||    48
       Iskenderun's Myst |       |       |       |     4 |    94 |    25 ||   123
       Arcjolt           |       |       |       |       |     3 |       ||     3
Invok: Heal Self         |       |       |     1 |    15 |    30 |     5 ||    51
       Heal Other        |       |       |       |     1 |       |       ||     1
       Divine Vigour     |       |       |       |       |     2 |       ||     2
Evoke: Wand              |       |       |     1 |       |       |       ||     1
  Use: Potion            |       |     3 |       |     2 |     2 |     1 ||     8
       Scroll            |       |       |     6 |     6 |     7 |     1 ||    20
 Stab: Sleeping          |     1 |       |       |     2 |     3 |     1 ||     7
       Distracted        |       |       |       |     1 |       |       ||     1
Armor: Leather armour    |    14 |     1 |       |       |       |       ||    15
       Ring mail         |       |    73 |   112 |   238 |   283 |    42 ||   748
Dodge: Dodged            |    37 |    68 |    99 |   292 |   344 |    46 ||   886

Table legend: (Time is in decaauts)
 A = Elapsed time spent in this place.
 B = Non-inter-level travel time spent in this place.
 C = Inter-level travel time spent in this place.
 D = Time resting spent in this place.
 E = Time spent auto-exploring this place.
 F = Levels seen in this place.
 G = Mean time per level.
                   A        B        C        D        E       F      G
               +--------+--------+--------+--------+--------+-----+--------+
         Total |  34296 |  32517 |   1779 |   7963 |  18789 |  26 | 1319.1 |
       Dungeon |  21627 |  20365 |   1262 |   4026 |  12891 |  15 | 1441.8 |
        Temple |     78 |     52 |     26 |      0 |     40 |   1 |   78.0 |
          Lair |  10090 |   9606 |    484 |   2861 |   5090 |   5 | 2018.0 |
  Orcish Mines |    438 |    431 |      7 |      2 |    366 |   2 |  219.0 |
         Sewer |    581 |    581 |      0 |    168 |    237 |   1 |  581.0 |
        Bailey |    694 |    694 |      0 |    392 |    103 |   1 |  694.0 |
       Volcano |    784 |    784 |      0 |    514 |     62 |   1 |  784.0 |
               +--------+--------+--------+--------+--------+-----+--------+

Top non-repeatable levels by time:
  Lair:5: 3562 daAuts
     D:8: 2232 daAuts
  Lair:4: 2231 daAuts
    D:13: 2149 daAuts
    D:12: 2011 daAuts
    D:10: 1941 daAuts
    D:15: 1940 daAuts
     D:7: 1690 daAuts
  Lair:3: 1673 daAuts
    D:11: 1467 daAuts
     D:4: 1420 daAuts
  Lair:2: 1352 daAuts
  Lair:1: 1270 daAuts
     D:5: 1254 daAuts
     D:6: 1241 daAuts
